 Dungeon Crawl Stone Soup version 0.23-b1-84-g6588a6b (webtiles) character file.

Game seed: 14383218327851564926

566 Hylith the Cudgeler (level 7, -2/62 HPs)
             Began as a Minotaur Monk on Feb 7, 2019.
             Slain by a worker ant (4 damage)
             ... on level 4 of the Dungeon.
             The game lasted 00:09:40 (3038 turns).

Hylith the Cudgeler (Minotaur Monk)                 Turns: 3038, Time: 00:09:41

Health: -2/62      AC: 12    Str: 17    XL:     7   Next: 10%
Magic:  6/6        EV:  6    Int:  7    God:
Gold:   137        SH:  0    Dex: 13    Spells: 6/6 levels left

rFire    . . .     SeeInvis .   a - +0 mace
rCold    . . .     Gourm    .   (no shield)
rNeg     . . .     Faith    .   q - +0 plate armour
rPois    .         Spirit   .   (helmet restricted)
rElec    .         Reflect  .   (no cloak)
rCorr    .         Harm     .   g - +0 pair of gloves
MR       .....                  (no boots)
Stlth    ..........             (no amulet)
HPRegen  0.20/turn              (no ring)
MPRegen  0.10/turn              (no ring)

@: studying Polearms
A: retaliatory headbutt, horns 2
a: no special abilities


You were on level 4 of the Dungeon.
You were hungry.

You visited 1 branch of the dungeon, and saw 5 of its levels.

You collected 137 gold pieces.

Inventory:

Hand Weapons
 a - a +0 mace (weapon)
Armour
 g - a +0 pair of gloves (worn)
 q - a +0 plate armour (worn)
Scrolls
 b - 2 scrolls of noise {unknown}
 e - 3 scrolls of immolation {unknown}
 f - 3 scrolls of enchant armour {unknown}
 i - 2 scrolls of identify {unknown}
 j - 4 scrolls of enchant weapon {unknown}
 k - 2 scrolls of fear {unknown}
 n - 2 scrolls of remove curse {unknown}
Potions
 d - a potion of brilliance {unknown}
 h - 4 potions of curing {unknown}
 l - a potion of lignification {unknown}
 m - a potion of ambrosia {unknown}
 o - 3 potions of heal wounds {unknown}
 p - 4 potions of flight {unknown}
Books
 r - a manual of Polearms
Comestibles
 c - 9 rations


   Skills:
 * Level 5.6 Fighting
 * Level 7.8 Maces & Flails
 * Level 3.8 Armour
 - Level 3.2 Dodging
 - Level 1.5 Stealth


You had 6 spell levels left.
You didn't know any spells.
Your spell library was empty.

Dungeon Overview and Level Annotations

Branches:
Dungeon (5/15)
 Temple: D:4-7

Altars:
Qazlal
Yredelemnul
The Shining One


Innate Abilities, Weirdness & Mutations

You reflexively headbutt those who attack you in melee.
You have a pair of horns on your head.


Message History

You hit the ice beast.
You headbutt the ice beast, but do no damage.
The ice beast is moderately wounded.
The ice beast hits you.
* * * LOW HITPOINT WARNING * * *
The ice beast freezes you!
* * * LOW HITPOINT WARNING * * *
The worker ant bites you.
* * * LOW HITPOINT WARNING * * *
You sock the ice beast!
The ice beast is severely wounded.
The worker ant bites you but does no damage.
The ice beast hits you but does no damage.
You hit the ice beast.
You headbutt the ice beast, but do no damage.
The ice beast is almost dead.
The worker ant barely misses you.
The ice beast hits you but does no damage.
The worker ant bites you.
You die...

#...............##......
##..............#..#....
#..............#..#....
##.).........##..#.....
#................#.....
##............#..#.....
##.....########..#....
##...)..#######.......
#....@[.......#.......
###.†aY...........#...
#..............#####
##.............# #
#.............#
##.........#..#####
#......[.###.##...
##......## #.....>
#.....## ##.....


You could see an ice beast and a worker ant.

Vanquished Creatures
  Duvessa (D:4)
  An ogre (D:4)
  A big kobold (D:3)
  Dowan (D:4)
  A hound (D:4)
  An orc priest (D:3)
  An iguana (D:4)
  2 worker ants (D:4)
  7 adders
  3 worms
  3 dart slugs (D:3)
  2 leopard geckos
  6 orcs
  6 bats
  6 giant cockroaches
  8 goblins
  4 hobgoblins
  5 jackals
  3 quokkas
  A ball python skeleton (D:4)
  5 frilled lizards
  5 kobolds (D:2)
  A quokka skeleton (D:4)
  3 rats
77 creatures vanquished.

Vanquished Creatures (others)
  A quokka (D:4)
1 creature vanquished.

Grand Total: 78 creatures vanquished

Notes
Turn   | Place    | Note
-------+----------+-------------------------------------------
     0 | D:1      | Hylith the Minotaur Monk began the quest for the Orb.
     0 | D:1      | Reached XP level 1. HP: 19/19 MP: 0/0
   181 | D:1      | Reached skill level 4 in Maces & Flails
   181 | D:1      | Reached XP level 2. HP: 27/27 MP: 1/1
   873 | D:2      | Reached XP level 3. HP: 33/33 MP: 2/2
   879 | D:2      | Reached skill level 1 in Armour
  1019 | D:2      | Noticed a fire elemental
  1021 | D:2      | Found a stormy altar of Qazlal.
  1022 | D:2      | Noticed an earth elemental
  1022 | D:2      | Noticed a water elemental
  1022 | D:2      | Noticed an air elemental
  1467 | D:3      | Noticed a big kobold
  1478 | D:3      | Killed a big kobold
  1478 | D:3      | Reached skill level 5 in Maces & Flails
  1478 | D:3      | Reached XP level 4. HP: 37/41 MP: 3/3
  1488 | D:3      | Reached skill level 5 in Fighting
  1488 | D:3      | Reached XP level 5. HP: 43/48 MP: 4/4
  1673 | D:3      | Reached skill level 6 in Maces & Flails
  1823 | D:4      | Noticed an ogre
  1833 | D:4      | Killed an ogre
  1833 | D:4      | Reached XP level 6. HP: 5/56 MP: 5/5
  2137 | D:4      | Reached skill level 7 in Maces & Flails
  2145 | D:4      | Found a basalt altar of Yredelemnul.
  2148 | D:4      | Found a glowing golden altar of the Shining One.
  2148 | D:4      | Noticed Duvessa
  2148 | D:4      | Noticed Dowan
  2181 | D:4      | Killed Duvessa
  2203 | D:4      | Killed Dowan
  2483 | D:4      | Noticed an angel
  2498 | D:4      | Noticed a profane servitor
  2540 | D:4      | Reached XP level 7. HP: 57/61 MP: 6/6
  3006 | D:5      | Entered Level 5 of the Dungeon
  3036 | D:4      | HP: 1/62 [worker ant (3)]
  3038 | D:4      | Slain by a worker ant

Skill      XL: |  1  2  3  4  5  6 |
---------------+-------------------+-----
Maces & Flails | 4 5 6 7 |  7.8
Fighting       | 4 5 |  5.6
Armour         | 1 2 3 |  3.8
Dodging        | |  3.2
Stealth        | |  1.5

Action                   |  1- 3 |  4- 6 |  7- 9 || total
-------------------------+-------+-------+-------++-------
Melee: Mace              |    81 |   114 |    20 ||   215
       Headbutt          |    10 |    25 |     6 ||    41
 Stab: Sleeping          |     3 |       |       ||     3
  Eat: Chunk             |     2 |     3 |     1 ||     6
Armor: Chain mail        |    41 |     9 |       ||    50
       Robe              |     1 |       |       ||     1
       Plate armour      |       |    59 |    14 ||    73
Dodge: Dodged            |    41 |    40 |    11 ||    92
